 Dungeon Crawl Stone Soup version 0.31.0-11-ge490571c62 (webtiles) character file.

Game seed: 16834861925580642974

296 Esekla the Slasher (level 6, -5/43 HPs)
             Began as an Octopode Chaos Knight on Feb 2, 2024.
             Was a Plaything of Xom.
             Killed by nerve-wracking pain
             ... invoked by Grinder
              (9 damage)
             ... on level 4 of the Dungeon.
             The game lasted 00:18:04 (3330 turns).

Esekla the Slasher (Octopode Chaos Knight)          Turns: 3330, Time: 00:18:05

Health: -5/43      AC:  3    Str: 17    XL:     6   Next: 35%
Magic:  17/17      EV: 13    Int: 16    God:    Xom [.*....]
Gold:   53         SH:  4    Dex: 12    Spells: 6/8 levels left

rFire   . . .        a - +0 falchion (chaos)
rCold   . . .        (no shield)
rNeg    . . .        (helmet restricted)
rPois   +            (no amulet)
rElec   .            c - ring of magical power
rCorr   .            o - +6 ring of strength
SInv    .            u - ring of poison resistance
Will    .....        (no ring)
Stlth   +++          (no ring)
HPRegen 0.27/turn    (no ring)
MPRegen 0.15/turn    (no ring)
                     (no ring)

%: no passive effects
@: studying Dodging
A: almost no armour, amphibious, 8 rings, camouflage 1, gelatinous body 1,
(nimble swimmer 1), tentacles, tentacle spike 1, iridescent scales 1, large bone
plates 1, inability to read after injury 1
a: Renounce Religion


You were on level 4 of the Dungeon.
You worshipped Xom.
You were a plaything of Xom.
You visited 1 branch of the dungeon, and saw 4 of its levels.

You collected 151 gold pieces.
You spent 98 gold pieces at shops.

Inventory:

Hand Weapons
 a - a +0 falchion of chaos (weapon)
 d - a +0 dagger of venom
Missiles
 h - 7 poisoned darts (quivered)
 q - a throwing net
Jewellery
 c - a ring of magical power (left tentacle)
 o - a +6 ring of strength (right tentacle)
 u - a ring of poison resistance (on tentacle)
Scrolls
 b - a scroll of butterflies
 f - 3 scrolls of teleportation
 g - a scroll of blinking {unknown}
 i - a scroll of fog {unknown}
 k - 2 scrolls of revelation {unknown}
 l - a scroll of vulnerability {unknown}
 m - 3 scrolls of fear
 n - a scroll of amnesia {unknown}
 p - a scroll of enchant weapon {unknown}
 t - a scroll of poison {unknown}
 w - a scroll of enchant armour {unknown}
Potions
 e - 4 potions of curing
 j - 2 potions of attraction
 r - 2 potions of heal wounds {unknown}
 s - 2 potions of haste {unknown}
 v - a potion of invisibility {unknown}


   Skills:
 * Level 3.8 Fighting
 + Level 1.4(2.9) Short Blades
 + Level 3.9(4.1) Long Blades
 + Level 0.2 Throwing
 * Level 3.3 Dodging
 + Level 3.3 Stealth
 * Level 1.6 Spellcasting
 * Level 1.3 Necromancy
 * Level 1.6 Translocations


You had 6 spell levels left.
You knew the following spells:

 Your Spells              Type           Power      Damage    Failure   Level
b - Blink                 Tloc           12%        N/A       17%         2

Your spell library contained the following spells:

 Spells                   Type           Power      Damage    Failure   Level
 Lesser Beckoning         Tloc           12%        N/A       17%         2
 Momentum Strike          Conj/Tloc      6%         3d8       24%         2


Dungeon Overview and Level Annotations

Branches:
Dungeon (4/15)
 Temple: D:4-7

Altars:
Ashenzari
Kikubaaqudgha
Ru
Vehumet
The Shining One

Shops:
D:2 ?:(=   D:3 =

Annotations:
D:3 1 runed translucent door, dchavez06's ghost, weakling DrSh
D:4 iguana by kib, Grinder; Sigmund


Innate Abilities, Weirdness & Mutations

You cannot wear most types of armour.
You are amphibious.
You can wear up to eight rings at the same time.
Your skin changes colour to match your surroundings (Stealth+).
Your rubbery body absorbs attacks. (AC +1, EV +1)
((You are camouflaged when in or above water. (Stealth+)))
You have tentacles for arms and can constrict up to eight enemies at once.
One of your tentacles bears a spike.
You are partially covered in iridescent scales. (AC +2)
You are partially covered in large bone plates. (SH +4)
You occasionally lose the ability to read scrolls when taking damage.


Message History

Grinder is moderately wounded.
You constrict Grinder.
Grinder says, "Tell me all your secrets, or I'll kill you."
Grinder closely misses you.
You hit Grinder.
You pierce Grinder, but do no damage.
You squeeze Grinder, but do no damage.
Grinder is heavily wounded.
You constrict Grinder. Grinder hits you but does no damage.
Grinder barely misses you.
You hit Grinder.
Grinder's magic leaks into the air.
You pierce Grinder, but do no damage.
You squeeze Grinder!
Grinder is severely wounded.
You constrict Grinder.
Grinder says, "You look like you could use a good racking."
Grinder completely misses you. Grinder hits you.
You writhe in agony.
You hit Grinder.
You pierce Grinder.
Grinder is almost dead.
You constrict Grinder. Grinder gestures at you.
You suddenly lose the ability to move!
You lose your grip on Grinder.
Grinder's magic is no longer disrupted.
Grinder hits you.
You writhe in agony.
Grinder gestures at you.
You shrug off the repeated paralysis!
Grinder hits you but does no damage. Grinder hits you! Grinder hits you.
You writhe in agony.
You can move again.
Okay, then.
Okay, then.
Unknown command.
You barely miss Grinder. Your grab misses Grinder.
Your tentacle spike misses Grinder.
Your squeeze misses Grinder.
Grinder is almost dead.
Grinder gestures at you. Pain shoots through your body!
* * * LOW HITPOINT WARNING * * *
Grinder sighs, "No one appreciates my work."
Grinder gestures at you. Pain shoots through your body!
You die...
Grinder sighs, "Dead already?
I want a refund."

....#
##########
.##... ...
#......... .# #
#.. #.########
.# #.. #.# .#
#.. #.# .# #..
###.# .# #..
#...# .#
#..######.###
.####
#.5@......#
.....
.......########
.## ####### .#
.# .# .# ## #


You could see Grinder (fast).

Vanquished Creatures
  A scorpion (D:3)
  An orc priest (D:4)
  2 orc wizards (D:4)
  5 adders
  2 dart slugs
  A ribbon worm (D:3)
  9 orcs
  5 ball pythons
  6 endoplasms
  4 giant cockroaches
  11 goblins
  14 hobgoblins
  5 jackals
  8 kobolds
  2 quokkas (D:1)
  3 bats
  5 frilled lizards
  13 rats
97 creatures vanquished.

Notes
Turn   | Place    | Note
-------+----------+-------------------------------------------
     0 | D:1      | Esekla the Octopode Chaos Knight began the quest for the
                  | Orb.
     0 | D:1      | Reached XP level 1. HP: 16/16 MP: 1/1
    89 | D:1      | XOM: divination: magic mapping
   185 | D:1      | Reached XP level 2. HP: 21/21 MP: 2/2
   424 | D:1      | XOM: noise
   440 | D:1      | You fall into a shaft and drop 1 floor!
   440 | D:2      | XOM: noise
   458 | D:2      | Found Retoap's Book Boutique.
   478 | D:2      | Reached XP level 3. HP: 19/26 MP: 3/3
   581 | D:2      | Found Letiqyot's Magic Scroll Emporium.
   596 | D:2      | Found Zigauris's Weapon Boutique.
   769 | D:2      | Found Sesoho's Jewellery Shop.
   775 | D:2      | Learned a level 2 spell: Blink
  1007 | D:1      | Reached XP level 4. HP: 24/31 MP: 4/4
  1138 | D:1      | XOM: 9-stop teleportation journey
  1533 | D:1      | XOM: give mutations
  1533 | D:1      | Gained mutation: One of your tentacles bears a spike.
                  | [Xom's mischief]
  1533 | D:1      | Gained mutation: You occasionally lose the ability to read
                  | scrolls when taking damage. [Xom's mischief]
  1738 | D:2      | Reached skill level 1 in Stealth
  1809 | D:2      | Found Xayn's Armour Shop.
  1987 | D:2      | Bought a scroll of teleportation for 42 gold pieces
  1987 | D:2      | Bought a scroll of fear for 56 gold pieces
  2029 | D:3      | Noticed a scorpion
  2037 | D:3      | Killed a scorpion
  2038 | D:3      | Reached skill level 1 in Spellcasting
  2038 | D:3      | Reached skill level 1 in Necromancy
  2038 | D:3      | Reached XP level 5. HP: 28/36 MP: 6/6
  2039 | D:3      | Found Xameifat's One-of-a-Kind Rings.
  2041 | D:3      | Found a runed translucent door.
  2157 | D:3      | Noticed dchavez06's ghost (weakling DrSh)
  2218 | D:3      | Found a radiant altar of Vehumet.
  2377 | D:3      | XOM: summons 3 hostile demons
  2519 | D:3      | Reached skill level 1 in Short Blades
  2520 | D:3      | Found a glowing golden altar of the Shining One.
  2538 | D:3      | XOM: smoke on damage
  2632 | D:3      | Reached skill level 1 in Translocations
  2710 | D:3      | XOM is BORED!
  2815 | D:4      | XOM: noise
  2820 | D:4      | Noticed Sigmund
  2846 | D:3      | XOM: give mutations
  2846 | D:3      | Gained mutation: You are partially covered in iridescent
                  | scales. (AC +2) [Xom's mischief]
  2846 | D:3      | Gained mutation: You are agile. (Dex +4, Str/Int -1) [Xom's
                  | mischief]
  2846 | D:3      | Lost mutation: You are agile. (Dex +4, Str/Int -1) [Xom's
                  | mischief]
  2846 | D:3      | Gained mutation: You are partially covered in large bone
                  | plates. (SH +4) [Xom's mischief]
  2886 | D:4      | Reached XP level 6. HP: 22/43 MP: 8/8
  2911 | D:4      | Found a broken altar of Ashenzari.
  2921 | D:4      | Found an ancient bone altar of Kikubaaqudgha.
  3008 | D:4      | Found a sacrificial altar of Ru.
  3318 | D:4      | Noticed Grinder
  3326 | D:4      | Paralysed by Grinder for 4 turns
  3330 | D:4      | Killed from afar by Grinder

Illustrated notes

Levels and vault maps discovered:
D:1:      minmay_arrival_split_and_join, layout_basic
D:2:      layout_basic, serial_shops, nicolae_shop_just_a_little_nook, shop,
          shop, nicolae_shop_back_alley_shop, shop, grunt_ministairs_8,
          minmay_rat_gold_closets
D:3:      layout_loops_ring, mainiacjoe_overflow_alcove_1,
          nicolae_tso_carved_into_rock, hellmonk_ghost_happy_afterlife,
          nicolae_shop_unique_rings
D:4:      layout_loops_ring, nicolae_ru_great_annihilating_truth,
          jmf_multi_god_temple2, gammafunk_ghost_mausoleum,
          minmay_goblin_kobold_house, uniq_grinder, uniq_sigmund

Skill      XL: |  1  2  3  4  5  6 |
---------------+-------------------+-----
Stealth        | 1 2 3 |  3.3
Dodging        | 3 |  3.3
Spellcasting   | 1 |  1.6
Necromancy     | 1 |  1.3
Short Blades   | 1 |  1.4
Translocations | 1 |  1.6
Fighting       | |  3.8
Long Blades    | |  3.9
Throwing       | |  0.2

Action                     |  1- 3 |  4- 6 || total
---------------------------+-------+-------++-------
  Melee: Falchion          |     5 |     6 ||    11
         Dagger            |    78 |   104 ||   182
         Constrict         |    17 |    40 ||    57
         Tentacles         |    13 |    26 ||    39
         Punch             |     2 |       ||     2
         Kick              |       |    44 ||    44
  Throw: Dart              |       |     2 ||     2
    Use: Scroll            |       |     2 ||     2
         Potion            |       |     1 ||     1
   Stab: Sleeping          |     5 |    10 ||    15
         Paralysed         |       |     1 ||     1
 Armour: Skin              |    17 |    43 ||    60
  Dodge: Dodged            |    45 |    48 ||    93
  Block: Other             |       |     2 ||     2
